| TOP OF THE 1ST |
|
Idaho Falls Chukars batting - Pitching for Lowell Spinners : RHP Danny Marquez
|
|
Pitching: RHP Danny Marquez
|
|
|
Batting: RHB Jonas Fernandez
|
0-0: Ball 1-0: Swinging Strike 1-1: Swinging Strike 1-2: Strikes out looking
|
|
Batting: RHB Mike Bearden
|
0-0: Swinging Strike 0-1: Foul Ball, location: 2F 0-2: Ball 1-2: Ball 2-2: Foul Ball, location: 2F 2-2: Ball 3-2: Foul Ball, location: 2F 3-2: Ground out 6-3 (Groundball, 6S, EV 66.2 MPH)
|
|
Batting: RHB Chance Argy
|
0-0: Called Strike 0-1: Called Strike 0-2: Strikes out looking
|
| Top of the 1st over - 0 runs, 0 hits, 0 errors, 0 left on base; Idaho Falls 0 - Lowell 0 |
| BOTTOM OF THE 1ST |
|
Lowell Spinners batting - Pitching for Idaho Falls Chukars : LHP Kentaro Shimasaki
|
|
Pitching: LHP Kentaro Shimasaki
|
|
|
Batting: RHB Aukukero Tairi
|
0-0: Ball 1-0: Called Strike 1-1: Ball 2-1: Foul Ball, location: 2F 2-2: Ball 3-2: Foul Ball, location: 2F 3-2: TRIPLE (Flyball, 9D, EV 111.9 MPH)
|
|
Batting: RHB Xavier Joslin
|
0-0: Ball 1-0: Ball 2-0: Swinging Strike 2-1: Called Strike 2-2: Foul Ball, location: 2F 2-2: Strikes out swinging
|
|
Batting: SHB Salvador Padilla
|
0-0: Swinging Strike 0-1: Ball 1-1: Ball 2-1: Ball 3-1: Foul Ball, location: 2F 3-2: Base on Balls
|
|
Batting: RHB Tony Gallegos
|
0-0: Foul Ball, location: 2F 0-1: SINGLE (Line Drive, 56, EV 108.8 MPH) Aukukero Tairi scores Salvador Padilla to second
|
|
Batting: RHB Matt Parker
|
0-0: Ball 1-0: Called Strike 1-1: Called Strike 1-2: Ball 2-2: Ball 3-2: Base on Balls Salvador Padilla to third Tony Gallegos to second
|
|
Pitching: LHP Hyoji Kawabata
|
|
|
Batting: RHB Mario Arriero
|
0-0: Called Strike 0-1: Foul Ball, location: 2F 0-2: Foul Ball, location: 2F 0-2: Ball 1-2: SINGLE (Flyball, 8RS, EV 86.2 MPH) Salvador Padilla scores Tony Gallegos to third Matt Parker to second Runner from 3rd tries for Home, SAFE, throw by CF to home
|
|
Batting: RHB Mike Strey
|
0-0: Ball 1-0: Ball 2-0: Foul Ball, location: 2F 2-1: Foul Ball, location: 2F 2-2: Ball 3-2: Foul Ball, location: 2F 3-2: Strikes out swinging
|
|
Batting: RHB Willie Camacho
|
0-0: Ball Mario Arriero is caught stealing 2nd base 2-4 Matt Parker advances to 3rd base
|
| Bottom of the 1st over - 3 runs, 3 hits, 0 errors, 1 left on base; Idaho Falls 0 - Lowell 3 |
| TOP OF THE 2ND |
|
Idaho Falls Chukars batting - Pitching for Lowell Spinners : RHP Danny Marquez
|
|
Batting: RHB Ian Hornsby
|
0-0: Foul Ball, location: 2F 0-1: Swinging Strike 0-2: Strikes out swinging
|
|
Batting: LHB Vicente Hernandez
|
0-0: Ground out 4-3 (Groundball, 4, EV 94.4 MPH)
|
|
Batting: RHB Bobby Matyas
|
0-0: DOUBLE (Flyball, 8LXD, EV 111.2 MPH)
|
|
Batting: LHB David Bearden
|
0-0: Called Strike 0-1: Ball 1-1: Ball 2-1: Ground out 6-3 (Groundball, P, EV 83.8 MPH)
|
| Top of the 2nd over - 0 runs, 1 hit, 0 errors, 1 left on base; Idaho Falls 0 - Lowell 3 |
| BOTTOM OF THE 2ND |
|
Lowell Spinners batting - Pitching for Idaho Falls Chukars : LHP Hyoji Kawabata
|
|
Batting: RHB Willie Camacho
|
0-0: Ball 1-0: Foul Ball, location: 2F 1-1: Swinging Strike 1-2: Strikes out looking
|
|
Batting: RHB Rogelio Cervantes
|
0-0: Hit by Pitch
|
|
Batting: RHB Aukukero Tairi
|
0-0: Called Strike Rogelio Cervantes is caught stealing 2nd base 2-4 0-1: Ball 1-1: Called Strike 1-2: Ball 2-2: Ball 3-2: Base on Balls
|
|
Batting: RHB Xavier Joslin
|
0-0: Ball Aukukero Tairi steals 2nd base 1-0: Called Strike 1-1: Foul Ball, location: 2F 1-2: Ball 2-2: Hit by Pitch
|
|
Batting: SHB Salvador Padilla
|
0-0: Ball Passed Ball! Aukukero Tairi to third Xavier Joslin to second 1-0: DOUBLE (Flyball, 78XD, EV 106.2 MPH) Aukukero Tairi scores Xavier Joslin scores
|
|
Batting: RHB Tony Gallegos
|
0-0: Ball 1-0: Ball 2-0: Called Strike 2-1: Swinging Strike 2-2: Strikes out looking
|
| Bottom of the 2nd over - 2 runs, 1 hit, 0 errors, 1 left on base; Idaho Falls 0 - Lowell 5 |
| TOP OF THE 3RD |
|
Idaho Falls Chukars batting - Pitching for Lowell Spinners : RHP Danny Marquez
|
|
Batting: RHB Rafael Tapia
|
0-0: Foul Ball, location: 2F 0-1: Ball 1-1: Foul Ball, location: 2F 1-2: Ball 2-2: Strikes out looking
|
|
Batting: SHB Benoît Morin
|
0-0: Ball 1-0: Ball 2-0: Swinging Strike 2-1: Ball 3-1: Called Strike 3-2: Foul Ball, location: 2F 3-2: Base on Balls
|
|
Batting: RHB Jonas Fernandez
|
0-0: Ball 1-0: Swinging Strike 1-1: Ball 2-1: SINGLE (Groundball, 56D, EV 103.1 MPH) Benoît Morin to second
|
|
Batting: RHB Mike Bearden
|
0-0: Swinging Strike 0-1: SINGLE (Flyball, 6MD, EV 98.1 MPH) Benoît Morin to third Jonas Fernandez to second
|
|
Batting: RHB Chance Argy
|
0-0: SINGLE (Line Drive, 6D, EV 96.9 MPH) Benoît Morin scores Jonas Fernandez to third Mike Bearden to second
|
|
Batting: RHB Ian Hornsby
|
0-0: Foul Ball, location: 2F 0-1: Ball 1-1: Swinging Strike 1-2: Ball 2-2: Strikes out looking
|
|
Batting: LHB Vicente Hernandez
|
0-0: Called Strike 0-1: SINGLE (Groundball, 34D, EV 100.0 MPH) Jonas Fernandez scores Mike Bearden to third Chance Argy to second Runner from 3rd tries for Home, SAFE, throw by RF to home
|
|
Batting: RHB Bobby Matyas
|
0-0: Ball 1-0: Foul Ball, location: 2F 1-1: Ball 2-1: Fielders Choice at 2nd, 6-4 (Groundball, 6, EV 83.8 MPH)
|
| Top of the 3rd over - 3 runs, 4 hits, 0 errors, 2 left on base; Idaho Falls 3 - Lowell 5 |
| BOTTOM OF THE 3RD |
|
Lowell Spinners batting - Pitching for Idaho Falls Chukars : LHP Hyoji Kawabata
|
|
Batting: RHB Matt Parker
|
0-0: Called Strike 0-1: Swinging Strike 0-2: Ball 1-2: Ball 2-2: Fly out, F7 (Flyball, 78S, EV 83.8 MPH)
|
|
Pitching: LHP Dustin Waller
|
|
|
Batting: RHB Mario Arriero
|
0-0: Ball 1-0: Ball 2-0: Foul Ball, location: 2F 2-1: Ball 3-1: SINGLE (Groundball, 6, EV 103.1 MPH)
|
|
Batting: RHB Mike Strey
|
0-0: Fielders Choice at 2nd, 4-6 (Groundball, 4, EV 90.0 MPH)
|
|
Batting: RHB Willie Camacho
|
0-0: Called Strike 0-1: Foul Ball, location: 2F 0-2: Foul Ball, location: 2F 0-2: Strikes out swinging
|
| Bottom of the 3rd over - 0 runs, 1 hit, 0 errors, 1 left on base; Idaho Falls 3 - Lowell 5 |
| TOP OF THE 4TH |
|
Idaho Falls Chukars batting - Pitching for Lowell Spinners : RHP Danny Marquez
|
|
Batting: LHB David Bearden
|
0-0: Ball 1-0: Ball 2-0: Ball 3-0: Called Strike 3-1: Base on Balls
|
|
Batting: RHB Rafael Tapia
|
0-0: Called Strike 0-1: Ball 1-1: Ball 2-1: 2-RUN HOME RUN (Line Drive, 78XD, EV 101.9 MPH), Distance : 425 ft
|
|
Pitching: RHP Mike Goodwin
|
|
|
Batting: SHB Benoît Morin
|
0-0: Swinging Strike 0-1: Called Strike 0-2: Ball 1-2: Strikes out swinging, 2-3 out at first.
|
|
Pitching: LHP Chris Deans
|
|
|
Batting: RHB Jonas Fernandez
|
0-0: Ball 1-0: Ball 2-0: Ball 3-0: Called Strike 3-1: Fly out, F7 (Flyball, 7LS, EV 96.2 MPH)
|
|
Batting: RHB Mike Bearden
|
0-0: Ball 1-0: Called Strike 1-1: Ball 2-1: Ball 3-1: Ground out U3 (Groundball, 3, EV 100.6 MPH)
|
| Top of the 4th over - 2 runs, 1 hit, 0 errors, 0 left on base; Idaho Falls 5 - Lowell 5 |
| BOTTOM OF THE 4TH |
|
Lowell Spinners batting - Pitching for Idaho Falls Chukars : LHP Dustin Waller
|
|
Batting: RHB Rogelio Cervantes
|
0-0: Foul Ball, location: 2F 0-1: Ball 1-1: Ball 2-1: Called Strike 2-2: Foul Ball, location: 2F 2-2: Foul Ball, location: 2F 2-2: SINGLE (Groundball, 6MD, EV 97.5 MPH)
|
|
Batting: RHB Aukukero Tairi
|
0-0: Called Strike Rogelio Cervantes steals 2nd base 0-1: Foul Ball, location: 2F 0-2: Ball 1-2: Ball 2-2: Ball 3-2: Strikes out swinging
|
|
Batting: RHB Xavier Joslin
|
0-0: Swinging Strike 0-1: Ball 1-1: Ball 2-1: Foul Ball, location: 2F 2-2: Ground out 4-3 (Groundball, 4M, EV 85.0 MPH) Rogelio Cervantes to third
|
|
Batting: SHB Salvador Padilla
|
0-0: Ball 1-0: Ball Wild Pitch! Rogelio Cervantes scores 2-0: Ball 3-0: Called Strike 3-1: Base on Balls
|
|
Batting: RHB Tony Gallegos
|
0-0: Ball Passed Ball! Salvador Padilla to second 1-0: Ground out 6-3 (Groundball, 6, EV 87.5 MPH)
|
| Bottom of the 4th over - 1 run, 1 hit, 0 errors, 1 left on base; Idaho Falls 5 - Lowell 6 |
| TOP OF THE 5TH |
|
Idaho Falls Chukars batting - Pitching for Lowell Spinners : LHP Chris Deans
|
|
Batting: RHB Chance Argy
|
0-0: Ball 1-0: Foul Ball, location: 2F 1-1: SINGLE (Flyball, 5D, EV 88.8 MPH)
|
|
Batting: RHB Ian Hornsby
|
0-0: Fly out, F4 (Line Drive, 34D, EV 72.5 MPH)
|
|
Batting: LHB Vicente Hernandez
|
0-0: Ball 1-0: SINGLE (Groundball, 34D, EV 104.4 MPH) (infield hit) Chance Argy to second
|
|
Batting: RHB Bobby Matyas
|
0-0: SINGLE (Groundball, 6MD, EV 96.9 MPH) Chance Argy to third Vicente Hernandez to second
|
|
Batting: LHB David Bearden
|
0-0: Fielders Choice at 2nd, 3-6 (Groundball, 34, EV 80.6 MPH) Chance Argy scores Vicente Hernandez to third
|
|
Batting: RHB Rafael Tapia
|
0-0: Called Strike 0-1: Swinging Strike 0-2: Ball 1-2: Ball 2-2: Strikes out swinging
|
| Top of the 5th over - 1 run, 3 hits, 0 errors, 2 left on base; Idaho Falls 6 - Lowell 6 |
| BOTTOM OF THE 5TH |
|
Lowell Spinners batting - Pitching for Idaho Falls Chukars : LHP Dustin Waller
|
|
Batting: RHB Matt Parker
|
0-0: Ball 1-0: Called Strike 1-1: Ball 2-1: Ball 3-1: Base on Balls
|
|
Pitching: RHP Dusty DuPont
|
|
|
Batting: RHB Mario Arriero
|
0-0: Ball 1-0: Ball 2-0: Foul Ball, location: 2F 2-1: Foul Ball, location: 2F 2-2: Ball 3-2: Hit by Pitch Matt Parker to second
|
|
Batting: RHB Mike Strey
|
0-0: Ball 1-0: Ground out U3 (Groundball, 34S, EV 71.9 MPH) Matt Parker to third Mario Arriero to second
|
|
Batting: RHB Willie Camacho
|
0-0: Ball 1-0: Ground out 5-3 (Groundball, 56S, EV 88.8 MPH)
|
|
Batting: RHB Rogelio Cervantes
|
0-0: Called Strike 0-1: Foul Ball, location: 2F 0-2: Ball Wild Pitch! Matt Parker scores Mario Arriero to third 1-2: Ball 2-2: Strikes out looking
|
| Bottom of the 5th over - 1 run, 0 hits, 0 errors, 1 left on base; Idaho Falls 6 - Lowell 7 |
| TOP OF THE 6TH |
|
Idaho Falls Chukars batting - Pitching for Lowell Spinners : LHP Chris Deans
|
|
Batting: SHB Benoît Morin
|
0-0: Ground out 6-3 (Groundball, 6S, EV 64.4 MPH)
|
|
Batting: RHB Jonas Fernandez
|
0-0: Foul Ball, location: 2F 0-1: Ball 1-1: Ball 2-1: Fly out, F8 (Line Drive, 8RM, EV 85.0 MPH)
|
|
Batting: RHB Mike Bearden
|
0-0: Ball 1-0: Foul Ball, location: 2F 1-1: Ball 2-1: Called Strike 2-2: Ground out U3 (Groundball, 34S, EV 78.1 MPH)
|
| Top of the 6th over - 0 runs, 0 hits, 0 errors, 0 left on base; Idaho Falls 6 - Lowell 7 |
| BOTTOM OF THE 6TH |
|
Lowell Spinners batting - Pitching for Idaho Falls Chukars : RHP Dusty DuPont
|
|
Batting: RHB Aukukero Tairi
|
0-0: Ball 1-0: Called Strike 1-1: Ball 2-1: Ball 3-1: Base on Balls
|
|
Batting: RHB Xavier Joslin
|
0-0: Ball Aukukero Tairi steals 2nd base 1-0: Ball 2-0: DOUBLE (Groundball, 5L, EV 106.9 MPH) Aukukero Tairi scores
|
|
Batting: SHB Salvador Padilla
|
0-0: Called Strike 0-1: Ball 1-1: Called Strike 1-2: Ball 2-2: Foul Ball, location: 2F 2-2: Strikes out swinging
|
|
Pitching: RHP Jim Haggart
|
|
|
Batting: RHB Tony Gallegos
|
0-0: Called Strike 0-1: SINGLE (Line Drive, 9LS, EV 101.2 MPH) Xavier Joslin to third
|
|
Batting: RHB Matt Parker
|
0-0: Called Strike 0-1: Fly out, F8 (Flyball, 8LD, EV 88.8 MPH) Runner from 3rd tags up, SCORES, throw by CF
|
|
Batting: RHB Mario Arriero
|
0-0: Called Strike 0-1: Swinging Strike 0-2: Ball 1-2: Fielders Choice at 2nd, 5-4 (Groundball, 56, EV 98.1 MPH)
|
| Bottom of the 6th over - 2 runs, 2 hits, 0 errors, 1 left on base; Idaho Falls 6 - Lowell 9 |
| TOP OF THE 7TH |
|
Idaho Falls Chukars batting - Pitching for Lowell Spinners : LHP Chris Deans
|
|
Batting: RHB Chance Argy
|
0-0: Ball 1-0: SINGLE (Line Drive, 89S, EV 105.6 MPH)
|
|
Batting: RHB Ian Hornsby
|
0-0: Ball 1-0: Grounds into double play, 3-6-3 (Groundball, 34, EV 100.0 MPH)
|
|
Batting: LHB Vicente Hernandez
|
0-0: Ground out 3-1 (Groundball, 34S, EV 83.1 MPH)
|
| Top of the 7th over - 0 runs, 1 hit, 0 errors, 0 left on base; Idaho Falls 6 - Lowell 9 |
| BOTTOM OF THE 7TH |
|
Lowell Spinners batting - Pitching for Idaho Falls Chukars : RHP Jim Haggart
|
|
Batting: RHB Mike Strey
|
0-0: Foul Ball, location: 2F 0-1: Ball 1-1: Foul Ball, location: 2F 1-2: Foul Ball, location: 2F 1-2: Ball 2-2: Ball 3-2: Base on Balls
|
|
Batting: RHB Willie Camacho
|
0-0: Sac Bunt to 23 - play at first, batter OUT! 3-4 Mike Strey to second
|
|
Batting: RHB Rogelio Cervantes
|
0-0: Ball 1-0: Called Strike 1-1: Ball 2-1: SINGLE (Groundball, 34D, EV 100.0 MPH) Mike Strey to third
|
|
Batting: RHB Aukukero Tairi
|
0-0: Called Strike Rogelio Cervantes steals 2nd base (no throw) 0-1: Hit by Pitch
|
|
Batting: RHB Xavier Joslin
|
0-0: Ball 1-0: Ball 2-0: Swinging Strike 2-1: Ball 3-1: Base on Balls Mike Strey scores Rogelio Cervantes to third Aukukero Tairi to second
|
|
Pitching: RHP Tom Daniels
|
|
|
Batting: SHB Salvador Padilla
|
0-0: Ball 1-0: Fly out, F7 (Line Drive, 7, EV 97.5 MPH) Runner from 3rd tags up, SCORES, no throw by LF
|
|
Batting: RHB Tony Gallegos
|
0-0: Ball 1-0: Fly out, F9 (Line Drive, 89S, EV 93.1 MPH)
|
| Bottom of the 7th over - 2 runs, 1 hit, 0 errors, 2 left on base; Idaho Falls 6 - Lowell 11 |
| TOP OF THE 8TH |
|
Idaho Falls Chukars batting - Pitching for Lowell Spinners : LHP Chris Deans
|
|
Batting: RHB Bobby Matyas
|
0-0: Foul Ball, location: 2F 0-1: Ground out U3 (Groundball, 34, EV 90.0 MPH)
|
|
Batting: LHB David Bearden
|
0-0: Foul Ball, location: 2F 0-1: Foul Ball, location: 2F 0-2: Ball 1-2: Ball 2-2: SINGLE (Flyball, 7LS, EV 93.8 MPH)
|
|
Pitching: RHP Tyler Tomblin
|
|
|
Batting: RHB Rafael Tapia
|
0-0: Swinging Strike 0-1: Ball 1-1: Foul Ball, location: 2F 1-2: Strikes out looking
|
|
Batting: SHB Benoît Morin
|
0-0: SINGLE (Groundball, 6S, EV 70.0 MPH) (infield hit) David Bearden to second
|
|
Batting: RHB Jonas Fernandez
|
0-0: Ball 1-0: Called Strike 1-1: SINGLE (Groundball, 34D, EV 103.1 MPH) David Bearden to third Benoît Morin to second Runner from 3rd tries for Home, SAFE, throw by RF to home
|
|
Batting: RHB Mike Bearden
|
0-0: Called Strike 0-1: Ball 1-1: Swinging Strike 1-2: Ball Passed Ball! Benoît Morin to third Jonas Fernandez to second 2-2: SINGLE (Groundball, 5S, EV 70.0 MPH) (infield hit) Benoît Morin scores Jonas Fernandez to third
|
|
Batting: RHB Chance Argy
|
0-0: Called Strike 0-1: Ball 1-1: Foul Ball, location: 2F 1-2: Ball 2-2: Fly out, F8 (Flyball, 78S, EV 90.0 MPH)
|
| Top of the 8th over - 2 runs, 4 hits, 0 errors, 2 left on base; Idaho Falls 8 - Lowell 11 |
| BOTTOM OF THE 8TH |
|
Lowell Spinners batting - Pitching for Idaho Falls Chukars : RHP Tom Daniels
|
|
Batting: RHB Matt Parker
|
0-0: Ball 1-0: Foul Ball, location: 2F 1-1: Called Strike 1-2: Foul Ball, location: 2F 1-2: Strikes out swinging
|
|
Batting: RHB Mario Arriero
|
0-0: Called Strike 0-1: Ball 1-1: Swinging Strike 1-2: Ball 2-2: Strikes out swinging
|
|
Batting: RHB Mike Strey
|
0-0: Called Strike 0-1: Called Strike 0-2: Hit by Pitch
|
|
Batting: RHB Willie Camacho
|
0-0: Ball 1-0: Swinging Strike 1-1: Swinging Strike 1-2: Ball 2-2: Ball 3-2: Strikes out swinging
|
| Bottom of the 8th over - 0 runs, 0 hits, 0 errors, 1 left on base; Idaho Falls 8 - Lowell 11 |
| TOP OF THE 9TH |
|
Idaho Falls Chukars batting - Pitching for Lowell Spinners : RHP Tyler Tomblin
|
|
Pitching: RHP Tim Tucker
|
|
|
Batting: RHB Ian Hornsby
|
0-0: Called Strike 0-1: Called Strike 0-2: Ball 1-2: Strikes out swinging
|
|
Batting: LHB Vicente Hernandez
|
0-0: Ball 1-0: SINGLE (Groundball, 34D, EV 110.6 MPH)
|
|
Batting: RHB Bobby Matyas
|
0-0: Ball 1-0: Swinging Strike 1-1: Foul Ball, location: 2F 1-2: Ball 2-2: Ball 3-2: Foul Ball, location: 2F 3-2: Strikes out swinging
|
|
Batting: LHB David Bearden
|
0-0: Called Strike 0-1: Foul Ball, location: 2F 0-2: Ball Wild Pitch! Vicente Hernandez to second 1-2: Strikes out swinging
|
| Top of the 9th over - 0 runs, 1 hit, 0 errors, 1 left on base; Idaho Falls 8 - Lowell 11 |
|